 Dungeon Crawl Stone Soup version 0.26-a0-665-gefeb406 (webtiles) character file.

Game seed: 17099439437639639760

65 Mopster the Chopper (level 3, 0/33 HPs)
             Began as a Minotaur Berserker on Oct 15, 2020.
             Was a Believer of Trog.
             Slain by a gnoll
             ... wielding a +0 spear
              (2 damage)
             ... on level 2 of the Dungeon.
             The game lasted 00:10:37 (1180 turns).

Mopster the Chopper (Minotaur Berserker)            Turns: 1180, Time: 00:10:38

Health: 0/33       AC:  5    Str: 18 (20) XL:     3   Next: 92%
Magic:  11/11      EV: 11    Int:  0 (2)  God:    Trog [**....]
Gold:   48         SH:  0    Dex:  6 (9)  Spells: 2/2 levels left

rFire    . . .     SeeInvis .   a - +1 hand axe
rCold    . . .     Faith    .   (no shield)
rNeg     . . .     Spirit   .   d - +0 ring mail
rPois    .         Reflect  .   (helmet restricted)
rElec    .         Harm     .   (no cloak)
rCorr    .         Rampage  .   (no gloves)
MR       .....                  (no boots)
Stlth    ..........             (no amulet)
HPRegen  0.11/turn              c - ring of magical power
MPRegen  0.12/turn              (no ring)

@: slowed, lost intelligence, very slow
A: retaliatory headbutt, horns 2, dopey 1, weak 1, wild magic 1
a: Berserk, Trog's Hand, Renounce Religion


You were on level 2 of the Dungeon.
You worshipped Trog.
Trog was pleased with you.
You visited 1 branch of the dungeon, and saw 2 of its levels.

You collected 48 gold pieces.

Inventory:

Hand Weapons
 a - a +1 hand axe (weapon)
 m - a +0 morningstar
Armour
 b - a +0 animal skin
 d - a +0 ring mail (worn)
Jewellery
 c - a ring of magical power (left hand)
 e - a +6 ring of dexterity {unknown}
Potions
 o - a potion of degeneration


   Skills:
 + Level 4.2 Fighting
 + Level 4.8 Axes
 + Level 2.7 Armour
 + Level 2.9 Dodging


You had 2 spell levels left.
You didn't know any spells.
Your spell library was empty.

Dungeon Overview and Level Annotations

Branches:
Dungeon (2/15)

Altars:
Ashenzari
Cheibriados
Elyvilon
Sif Muna


Innate Abilities, Weirdness & Mutations

You reflexively headbutt those who attack you in melee.
You have a pair of horns on your head.
You are dopey. (Int -2)
You are weak. (Str -2)
Your spells are a little harder to cast, but a little more powerful.


Message History

There is an open door here.
e - a moonstone ring A gnoll comes into view.
It is wielding a +0 spear.
The gnoll hits you with a +0 spear. x2
A kobold comes into view.
The gnoll hits you with a +0 spear.
You barely miss the gnoll. The gnoll hits you with a +0 spear. x2
You barely miss the gnoll. The gnoll hits you with a +0 spear.
You barely miss the gnoll. Your headbutt misses the gnoll.
The gnoll hits you with a +0 spear. The gnoll misses you.
The gnoll hits you with a +0 spear.
You hit the gnoll.
The gnoll is moderately wounded.
The gnoll hits you with a +0 spear!
* * * LOW HITPOINT WARNING * * *
The gnoll misses you.
The gnoll hits you from afar with a +0 spear.
* * * LOW HITPOINT WARNING * * *
The gnoll hits you from afar with a +0 spear.
You die...

#...........
#...........
#.#........#
#.##........
#######.########.#
#......)# .. #
#.####.## #.. #
#.# ### #. # #@#
.# . # #.# .. . #
#g#.#...# .#.####
#.K...# .......
###.#...# .#.####
... .. ##... #.#
...... ## .....(
.#...#


You could see a gnoll and a kobold.

Vanquished Creatures
  2 adders (D:2)
  A worm (D:2)
  A dart slug (D:1)
  3 giant cockroaches
  5 goblins
  7 hobgoblins
  2 jackals (D:2)
  3 bats
  3 frilled lizards
  7 kobolds
  6 rats
40 creatures vanquished.

Vanquished Creatures (others)
  A quokka (D:2)
1 creature vanquished.

Grand Total: 41 creatures vanquished

Notes
Turn   | Place    | Note
-------+----------+-------------------------------------------
     0 | D:1      | Mopster the Minotaur Berserker began the quest for the Orb.
     0 | D:1      | Reached XP level 1. HP: 19/19 MP: 0/0
   178 | D:1      | Reached XP level 2. HP: 21/27 MP: 1/1
   618 | D:2      | Found a snail-covered altar of Cheibriados.
   632 | D:2      | Reached ** piety under Trog
   632 | D:2      | Reached XP level 3. HP: 33/33 MP: 2/2
   692 | D:2      | Found a white marble altar of Elyvilon.
   853 | D:2      | Found a broken altar of Ashenzari.
  1003 | D:2      | Found a shimmering blue altar of Sif Muna.
  1032 | D:2      | Gained mutation: You are dopey. (Int -2) [potion of
                  | mutation]
  1032 | D:2      | Gained mutation: You are weak. (Str -2) [potion of
                  | mutation]
  1032 | D:2      | Gained mutation: Your spells are a little harder to cast,
                  | but a little more powerful. [potion of mutation]
  1059 | D:2      | Lost intelligence.
  1180 | D:2      | Slain by a gnoll

Illustrated notes

Levels and vault maps discovered:
D:1:      tarquinn_simple_flora_water_e, layout_rooms
D:2:      minmay_spotlight, layout_rooms, marbit_many_paths,
          overflow_temple_1_default, nicolae_overflow_hidden_temple,
          elyvilon_altar_4, kennysheep_cross_bottleneck,
          kennysheep_pointless_box

Skill      XL: |  1  2 |
---------------+-------+-----
Axes           | 4 |  4.8
Fighting       | 4 |  4.2
Armour         | |  2.7
Dodging        | |  2.9

Action                   || total
-------------------------++-------
Melee: Hand axe          ||    80
       Headbutt          ||    12
Invok: Berserk           ||     1
  Use: Scroll            ||     6
       Potion            ||     5
Armor: Ring mail         ||    22
       Animal skin       ||     3
Dodge: Dodged            ||    53

Table legend: (Time is in decaauts)
 A = Elapsed time spent in this place.
 B = Non-inter-level travel time spent in this place.
 C = Inter-level travel time spent in this place.
 D = Time resting spent in this place.
 E = Time spent auto-exploring this place.
 F = Levels seen in this place.
 G = Mean time per level.
                   A        B        C        D        E       F      G
               +--------+--------+--------+--------+--------+-----+--------+
         Total |   1251 |    704 |    547 |    100 |    327 |   2 |  625.5 |
       Dungeon |   1251 |    704 |    547 |    100 |    327 |   2 |  625.5 |
               +--------+--------+--------+--------+--------+-----+--------+

Top non-repeatable levels by time:
     D:2: 673 daAuts
     D:1: 577 daAuts
